 Dungeon Crawl Stone Soup version 0.27.0-1-g7a089689b8 (webtiles) character file.

Game seed: 15532224189071160269

2715 SnakkuSnakku7 the Basher (level 9, 0/54 HPs)
             Began as a Tengu Warper on Aug 8, 2021.
             Slain by an ogre (29 damage)
             ... on level 6 of the Dungeon.
             The game lasted 00:10:06 (7157 turns).

SnakkuSnakku7 the Basher (Tengu Warper)             Turns: 7157, Time: 00:10:06

Health: 0/54       AC:  4    Str: 15    XL:     9   Next: 66%
Magic:  13/13      EV: 10    Int: 14    God:
Gold:   167        SH:  7    Dex: 13    Spells: 12/12 levels left

rFire    . . .     SeeInvis .   a - +2 flail (protect)
rCold    + . .     Faith    .   A - +0 kite shield
rNeg     . . .     Spirit   .   b - +0 leather armour
rPois    .         Reflect  .   (helmet restricted)
rElec    .         Harm     .   (no cloak)
rCorr    .         Rampage  .   d - +0 pair of gloves
Will     .....                  (boots unavailable)
Stlth    +.........             (no amulet)
HPRegen  0.18/turn              q - ring of protection from cold
MPRegen  0.13/turn              (no ring)

@: flying quickly and evasively, quick
A: beak, talons 3, nimble flight
a: no special abilities


You were on level 6 of the Dungeon.
You visited 1 branch of the dungeon, and saw 6 of its levels.
You also visited: Sewer.

You collected 320 gold pieces.
You spent 153 gold pieces at shops.

Inventory:

Hand Weapons
 a - a +2 flail of protection (weapon)
 f - a +5 vorpal mace
 i - a +0 mace
Missiles
 j - 6 curare-tipped darts
 r - 6 boomerangs
 x - 20 poisoned darts (quivered)
Armour
 b - a +0 leather armour (worn)
 d - a +0 pair of gloves (worn)
 A - a +0 kite shield (worn)
Jewellery
 q - a ring of protection from cold (left hand)
Wands
 t - a wand of polymorph (6)
 B - a wand of iceblast (8)
Scrolls
 c - 2 scrolls of enchant weapon {unknown}
 e - a scroll of vulnerability {unknown}
 k - 4 scrolls of teleportation
 p - a scroll of fear {unknown}
 v - a scroll of blinking
 w - 2 scrolls of enchant armour {unknown}
 y - a scroll of holy word {unknown}
 C - a scroll of fog {unknown}
 E - a scroll of brand weapon {unknown}
Potions
 g - a potion of mutation {unknown}
 h - a potion of cancellation
 l - a potion of ambrosia
 m - 6 potions of magic {unknown}
 n - 4 potions of curing {unknown}
 o - 6 potions of haste {unknown}
 s - a potion of invisibility
 u - 2 potions of heal wounds
 z - a potion of brilliance
 D - a potion of might {unknown}
 F - 2 potions of lignification {unknown}


   Skills:
 - Level 5.0 Fighting
 + Level 11.9 Maces & Flails
 - Level 5.0 Throwing
 - Level 1.1 Armour
 - Level 2.1 Dodging
 - Level 2.0 Spellcasting
 - Level 2.4 Translocations


You had 12 spell levels left.
You didn't know any spells.
Your spell library contained the following spells:

 Spells                   Type           Power      Damage    Failure   Level
 Blink                    Tloc           N/A        N/A       75%         2
 Gell's Gravitas          Tloc           4%         N/A       93%         3
 Lesser Beckoning         Tloc           4%         N/A       93%         3
 Teleport Other           Tloc           8%         N/A       93%         3
 Static Discharge         Conj/Air       1%         N/A       97%         2
 Lightning Bolt           Conj/Air       0%         1d11      100%        5
 Manifold Assault         Tloc           8%         N/A       100%        5
 Maxwell's Capacitive Co  Air            0%         ∞         100%        8


Dungeon Overview and Level Annotations

Branches:
Dungeon (6/15)              Sewer (visited)
 Temple: D:4-7

Altars:

Shops:
D:4 [


Innate Abilities, Weirdness & Mutations

You have a beak for a mouth.
You have claws for feet.
Your magical nature lets you fly swiftly and evasively.


Message History

Pikel is heavily wounded.
Pikel hits you with a +1 whip of flaming.
Pikel burns you. You block Pikel's attack.
You hit Pikel. Your kick misses Pikel.
Pikel is heavily wounded.
Pikel closely misses you.
You hit Pikel. Your kick misses Pikel.
Pikel is severely wounded.
Pikel barely misses you.
You sock Pikel! Your peck misses Pikel.
Pikel is almost dead.
Pikel closely misses you.
An ogre comes into view. It is wielding a +0 giant club.
You hit Pikel.
You kill Pikel!
With Pikel's spell broken, his former minions thank you for their freedom.
The lemure departs this earthly plane. x3
F - 2 emerald potions
Things that are here:
a +1 whip of flaming; a +0 robe
Things that are here:
a +1 whip of flaming; a +0 robe
There is an open door here.
Found a stone staircase leading down.
Throw: 22 darts (poison)
Press: ? - help, Q - select action, (/) - cycle Shift-Dir - straight line, f - ogre
Aim: an ogre, wielding a +0 giant club (76% to hit)
You throw a poisoned dart. The poisoned dart hits the ogre.
The ogre is poisoned.
Unknown command.
Throw: 21 darts (poison)
Press: ? - help, Q - select action, (/) - cycle Shift-Dir - straight line, f/p - ogre
Aim: an ogre, wielding a +0 giant club (poisoned, 75% to hit)
You throw a poisoned dart.
The poisoned dart closely misses the ogre.
The ogre hits you with a +0 giant club!
Found a scroll of teleportation.
The ogre hits you with a +0 giant club!!
Ouch! That really hurt!
You die...

#......#≈≈≈≈#.## ..
#.#......#≈≈≈≈#)# #?
#.#......##÷≈##.#
#.##.###.##..#≈≈#..#
#..#.###.###.'##'.##
#.#.##..........##
#...##..........#
######..##..........#
........@O.(...(....#
######..##..........#####
....>##########'##....
########### #.##.###
..........# #.##.#
..........# #.##.#
#........# #.##.#
#........########.##.#
+..................#.#


You could see an ogre (poisoned).

Vanquished Creatures
  Pikel (D:6)
  Prince Ribbit (D:6)
  6 yaks (D:5)
  Edmund (D:4)
  Duvessa (D:5)
  Blork the orc (D:5)
  2 kobold brigands (D:5)
  2 bullfrogs (Sewer)
  2 scorpions (D:4)
  Dowan (D:5)
  A hound (D:5)
  A jelly (D:4)
  A centaur skeleton (D:4)
  Jessica (D:2)
  An iguana (D:5)
  Ijyb (D:3)
  A hound skeleton (D:5)
  4 gnolls (D:4)
  6 river rats (Sewer)
  12 adders
  A white imp (D:5)
  An ufetubus (D:4)
  An adder zombie (D:5)
  3 worms
  A dart slug (D:1)
  14 orcs
  16 ball pythons
  8 endoplasms
  4 giant cockroaches
  9 hobgoblins
  5 jackals
  15 kobolds
  5 quokkas
  3 frilled lizards
  6 goblins
  A jackal skeleton (D:4)
  23 rats
163 creatures vanquished.

Vanquished Creatures (others)
  15 fungi (D:6)
15 creatures vanquished.

Grand Total: 178 creatures vanquished

Notes
Turn   | Place    | Note
-------+----------+-------------------------------------------
     0 | D:1      | SnakkuSnakku7 the Tengu Warper began the quest for the Orb.
     0 | D:1      | Reached XP level 1. HP: 12/12 MP: 4/4
   334 | D:1      | Reached XP level 2. HP: 18/18 MP: 6/6
   417 | D:1      | Found a faded altar of an unknown god.
   845 | D:2      | Reached skill level 3 in Maces & Flails
   845 | D:2      | Reached XP level 3. HP: 22/22 MP: 7/7
  1094 | D:2      | Reached XP level 4. HP: 28/28 MP: 8/8
  1256 | D:2      | Noticed Jessica
  1264 | D:2      | Killed Jessica
  1266 | D:2      | Reached skill level 4 in Maces & Flails
  1475 | D:3      | Noticed Ijyb
  1801 | D:3      | Gained mutation: Your magical nature lets you fly swiftly
                  | and evasively. [Tengu growth]
  1801 | D:3      | Reached XP level 5. HP: 18/33 MP: 9/9
  2542 | D:4      | Found Kap Lebo's Antique Armour Shop.
  2588 | D:4      | Noticed Edmund
  3073 | D:4      | Killed Edmund
  3074 | D:4      | Reached skill level 5 in Maces & Flails
  3074 | D:4      | Reached XP level 6. HP: 37/40 MP: 10/10
  3193 | D:4      | Reached skill level 5 in Fighting
  3709 | D:4      | Reached skill level 6 in Maces & Flails
  3964 | D:4      | Reached XP level 7. HP: 37/44 MP: 11/11
  4195 | D:4      | Bought a pair of gloves for 153 gold pieces
  4447 | D:5      | Entered Level 5 of the Dungeon
  4516 | D:5      | Noticed Duvessa
  4517 | D:5      | Noticed Dowan
  5031 | D:5      | Killed Dowan
  5032 | D:5      | Reached skill level 7 in Maces & Flails
  5032 | D:5      | Killed Duvessa
  5250 | D:5      | Noticed a yak
  5251 | D:5      | Noticed a yak
  5263 | D:5      | Noticed a yak
  5264 | D:5      | Noticed a yak
  5267 | D:5      | Noticed a yak
  5268 | D:5      | Noticed a yak
  5274 | D:5      | Killed a yak
  5275 | D:5      | Reached XP level 8. HP: 49/49 MP: 12/12
  5275 | D:5      | Killed a yak
  5276 | D:5      | Reached skill level 8 in Maces & Flails
  5282 | D:5      | Killed a yak
  5554 | D:5      | Killed a yak
  5555 | D:5      | Reached skill level 5 in Throwing
  5562 | D:5      | Killed a yak
  5563 | D:5      | Reached skill level 9 in Maces & Flails
  5594 | D:5      | Killed a yak
  5595 | D:5      | Reached XP level 9. HP: 29/54 MP: 13/13
  5721 | D:5      | Noticed Blork the orc
  5727 | D:5      | Killed Blork the orc
  5728 | D:5      | Reached skill level 10 in Maces & Flails
  6305 | D:3      | Killed Ijyb
  6423 | D:6      | Noticed Prince Ribbit
  6441 | D:6      | Killed Prince Ribbit
  6485 | D:6      | Found a glowing drain.
  6489 | Sewer    | Entered a sewer
  6718 | Sewer    | Identified the +5 trident "Uhesto Daung" {antimagic, rElec
                  | rN+++ rCorr Int-5}
  6833 | Sewer    | Reached skill level 11 in Maces & Flails
  7113 | D:6      | Noticed Pikel
  7135 | D:6      | Killed Pikel
  7157 | D:6      | Slain by an ogre

Illustrated notes

Levels and vault maps discovered:
D:1:      onia_arrival_pentagram, layout_rooms, basic_ecumenical_altar,
          serial_rivers, chequers_serial_rivers_small_b,
          chequers_serial_rivers_room_a, chequers_serial_rivers_small_b,
          chequers_serial_rivers_small_b
D:2:      layout_rooms, kennysheep_jessica_study
D:3:      layout_loops_ring, uniq_ijyb
D:4:      layout_basic, serial_shops, kennysheep_mini,
          chequers_serial_rivers_room_b, minmay_misc_feat_x,
          kennysheep_generic_room_6, uniq_edmund
D:5:      layout_loops_ring, uniq_blork_the_orc, uniq_duvessa
D:6:      layout_basic, mainiacjoe_overflow_chevrons, minmay_temple_entry_mist,
          gammafunk_ghost_arena, gup_sewer_entry_bowl, minivault_4, uniq_pikel,
          uniq_maggie, uniq_prince_ribbit1

Skill      XL: |  1  2  3  4  5  6  7  8  9 |
---------------+----------------------------+-----
Maces & Flails | 3 4 5 6 7 9 11 | 11.9
Fighting       | 3 4 5 |  5.0
Throwing       | 3 5 |  5.0
Armour         | |  1.1
Dodging        | |  2.1
Spellcasting   | |  2.0
Translocations | |  2.4

Action                   |  1- 3 |  4- 6 |  7- 9 || total
-------------------------+-------+-------+-------++-------
Melee: Mace              |    58 |    46 |       ||   104
       Kick              |     7 |    13 |    71 ||    91
       Peck              |     3 |    12 |    52 ||    67
       Flail             |       |    27 |   298 ||   325
Throw: Dart              |     6 |    18 |    20 ||    44
       Boomerang         |       |     5 |       ||     5
  Use: Scroll            |       |       |     9 ||     9
       Potion            |       |       |     2 ||     2
 Stab: Sleeping          |     1 |       |       ||     1
       Invisible         |       |       |     3 ||     3
Armor: Leather armour    |    12 |    10 |   110 ||   132
Dodge: Dodged            |    34 |    45 |   126 ||   205
Block: Buckler           |       |     1 |    20 ||    21
       Kite shield       |       |       |    80 ||    80
